 Dungeon Crawl Stone Soup version 0.27-a0-1302-g7736ffe575 (webtiles) character file.

Game seed: 10247069281382099632

49 Feb132020 the Stinger (level 3, -8/19 HPs)
             Began as a Deep Elf Venom Mage on June 18, 2021.
             Mangled by Sigmund (9 damage)
             ... on level 2 of the Dungeon.
             The game lasted 00:07:01 (1345 turns).

Feb132020 the Stinger (Deep Elf Venom Mage)         Turns: 1345, Time: 00:07:02

Health: -8/19      AC:  4    Str:  5    XL:     3   Next: 51%
Magic:  7/9        EV: 16    Int: 19    God:
Gold:   13         SH:  0    Dex: 16    Spells: 1/8 levels left

rFire    . . .     SeeInvis .   i - +2 dagger (elec)
rCold    . . .     Faith    .   (no shield)
rNeg     . . .     Spirit   .   a - +0 robe
rPois    +         Reflect  .   (no helmet)
rElec    .         Harm     .   e - +0 cloak
rCorr    .         Rampage  .   (no gloves)
Will     .....                  c - +0 pair of boots
Stlth    ++........             (no amulet)
HPRegen  0.06/turn              b - +4 ring of evasion
MPRegen  0.11/turn              j - ring of poison resistance

@: mighty, attractive
A: no striking features
a: no special abilities


You were on level 2 of the Dungeon.
You visited 1 branch of the dungeon, and saw 2 of its levels.

You collected 13 gold pieces.

Inventory:

Hand Weapons
 d - a +0 dagger
 i - a +2 dagger of electrocution (weapon)
Missiles
 h - 8 atropa-tipped darts
Armour
 a - a +0 robe (worn)
 c - a +0 pair of boots (worn)
 e - a +0 cloak (worn)
Jewellery
 b - a +4 ring of evasion (left hand)
 j - a ring of poison resistance (right hand)
Scrolls
 f - a scroll of fear


   Skills:
 + Level 2.5 Dodging
 + Level 2.8 Stealth
 + Level 3.4 Spellcasting
 * Level 1.0 Summonings
 + Level 1.7 Transmutations
 + Level 4.2 Poison Magic


You had one spell level left.
You knew the following spells:

 Your Spells              Type           Power      Damage    Failure   Level
a - Sting                 Tmut/Pois      56%        1d5       4%          1
b - Poisonous Vapours     Pois/Air       22%        N/A       10%         2
c - Mephitic Cloud        Conj/Pois/Air  8%         N/A       24%         3
d - Summon Small Mammal   Summ           28%        N/A       10%         1

Your spell library contained the following spells:

 Spells                   Type           Power      Damage    Failure   Level
 Call Imp                 Summ           7%         N/A       14%         2
 Ignite Poison            Fire/Tmut/Pois 10%        N/A       21%         3
 Olgreb's Toxic Radiance  Pois           19%        N/A       26%         4
 Call Canine Familiar     Summ           7%         N/A       28%         3
 Summon Guardian Golem    Hex/Summ       5%         N/A       34%         3
 Summon Ice Beast         Ice/Summ       5%         N/A       75%         4
 Summon Lightning Spire   Summ/Air       5%         N/A       75%         4


Dungeon Overview and Level Annotations

Branches:
Dungeon (2/15)

Altars:

Annotations:
D:2 Sigmund


Message History

Aiming: Poisonous Vapours (safe; 10% risk of failure)
Press: ? - help, Dir - move target, f - Sigmund
Aim: Sigmund, wielding a +0 scythe and wearing a +0 robe (wandering, hasn't noticed you) Poisonous vapours surround Sigmund!
Sigmund shouts!
Sigmund is engulfed in poison gas.
Sigmund is poisoned.
Casting: Poisonous Vapours (safe; 10% risk of failure)
Confirm with . or Enter, or press ? or * to list all spells.
Aiming: Poisonous Vapours (safe; 10% risk of failure)
Press: ? - help, Dir - move target, f/p - Sigmund
Aim: Sigmund, wielding a +0 scythe and wearing a +0 robe (lightly wounded) Poisonous vapours surround Sigmund!
Sigmund is engulfed in poison gas.
Sigmund is poisoned.
Unknown command.
Sigmund casts a spell at you. The puff of flame hits you!
Sigmund casts a spell at you.
You are confused.
You bump into the rock wall.
It was a potion of might.
You feel very mighty all of a sudden.
Sigmund points at you and mumbles some strange words.
You resist with some effort.
It was a potion of attraction.
You feel attractive to monsters.
Sigmund casts a spell.
Sigmund flickers and vanishes!
Deactivating autopickup; reactivate with Ctrl-A.
Something is pulled toward you!
You're too confused to cast spells.
Unknown command.
You're too confused to move!
Something hits you!
* * * LOW HITPOINT WARNING * * *
Something is pulled toward you!
Unknown command.
You're too confused to move!
You feel less confused. Something barely misses you.
You closely miss something. Something hits you!
You die...

########## #........#
#......†.# #........#
##........# #.<.......#
##############.........#
#..............>..######
#..)....{@#...#.#.######
#.........###.#.#......#
#...............######.#
#.........###.### #.###
#.........# #.# #....
##.###...(# #.###
####### #.# ######
#...####...... #.#
#####.####...##### #.#
#[.........#.#


There were no monsters in sight!

Vanquished Creatures
  An adder (D:2)
  A dart slug (D:1)
  3 ball pythons (D:1)
  2 bats (D:1)
  3 endoplasms
  3 giant cockroaches (D:1)
  A goblin (D:1)
  3 hobgoblins (D:1)
  5 jackals
  A quokka (D:1)
  4 frilled lizards (D:1)
  4 kobolds (D:1)
  3 rats (D:1)
34 creatures vanquished.

Notes
Turn   | Place    | Note
-------+----------+-------------------------------------------
     0 | D:1      | Feb132020 the Deep Elf Venom Mage began the quest for the
                  | Orb.
     0 | D:1      | Reached XP level 1. HP: 10/10 MP: 6/6
   221 | D:1      | Reached XP level 2. HP: 15/15 MP: 5/8
   225 | D:1      | Learned a level 2 spell: Poisonous Vapours
   340 | D:1      | Reached skill level 4 in Poison Magic
   617 | D:1      | Learned a level 1 spell: Summon Small Mammal
   703 | D:1      | Reached XP level 3. HP: 19/19 MP: 9/9
  1153 | D:2      | Learned a level 3 spell: Mephitic Cloud
  1288 | D:2      | Reached skill level 1 in Summonings
  1326 | D:2      | Noticed Sigmund
  1345 | D:2      | Mangled by Sigmund

Illustrated notes

Levels and vault maps discovered:
D:1:      dpeg_chamrin_arrival_tetris, layout_loops_ring,
          minmay_misc_feat_diagonals, minmay_surrounded
D:2:      layout_basic, hellmonk_ecumenical_altar_inner_sanctum, serial_shops,
          shop, patterned_corridor, uniq_sigmund

Skill      XL: |  1  2  3 |
---------------+----------+-----
Poison Magic   | 4 |  4.2
Summonings     | 1 |  1.0
Dodging        | |  2.5
Stealth        | |  2.8
Spellcasting   | |  3.4
Transmutations | |  1.7

Action                   || total
-------------------------++-------
Melee: Dagger            ||    25
 Cast: Sting             ||    33
       Poisonous Vapours ||     6
  Use: Scroll            ||     4
       Potion            ||     2
 Stab: Sleeping          ||     8
Armor: Robe              ||     3
Dodge: Dodged            ||    20

Table legend: (Time is in decaauts)
 A = Elapsed time spent in this place.
 B = Non-inter-level travel time spent in this place.
 C = Inter-level travel time spent in this place.
 D = Time resting spent in this place.
 E = Time spent auto-exploring this place.
 F = Levels seen in this place.
 G = Mean time per level.
                   A        B        C        D        E       F      G
               +--------+--------+--------+--------+--------+-----+--------+
         Total |   1343 |   1303 |     40 |     84 |    959 |   2 |  671.5 |
       Dungeon |   1343 |   1303 |     40 |     84 |    959 |   2 |  671.5 |
               +--------+--------+--------+--------+--------+-----+--------+

Top non-repeatable levels by time:
     D:1: 1127 daAuts
     D:2: 216 daAuts
